 Dungeon Crawl Stone Soup version 0.28.0-53-g5a82cb258f (webtiles) character file.

Game seed: 7661254890093274463

1320 issech the Chopper (level 8, -1/62 HPs)
             Began as a Minotaur Monk on June 13, 2022.
             Was a Believer of Hepliaklqana.
             Slain by a gnoll
             ... wielding a +0 spear
              (3 damage)
             ... on level 6 of the Dungeon.
             The game lasted 00:20:39 (8289 turns).

issech the Chopper (Minotaur Monk)                  Turns: 8289, Time: 00:20:41

Health: -1/62      AC:  9    Str: 22    XL:     8   Next: 33%
Magic:  7/7        EV:  6    Int: 13    God:    Hepliaklqana [**....]
Gold:   173        SH: 18    Dex: 15    Spells: 7/7 levels left

rFire   . . .      SeeInvis .   u - +1 dagger (venom)
rCold   . . .      Faith    .   F - +0 tower shield
rNeg    . . .      Spirit   .   i - +0 chain mail
rPois   .          Reflect  +   (helmet restricted)
rElec   .          Harm     .   (no cloak)
rCorr   .          Rampage  .   (no gloves)
Will    .....                   (no boots)
Stlth   ..........              p - amulet of reflection
HPRegen 0.20/turn               e - +6 ring of intelligence
MPRegen 0.10/turn               B - +6 ring of strength

@: no status effects
A: reduced essence, horns 2, retaliatory headbutt
a: Renounce Religion, Recall Ancestor, Ancestor Identity


You were on level 6 of the Dungeon.
You worshipped Hepliaklqana.
Hepliaklqana was pleased with you.
You visited 2 branches of the dungeon, and saw 8 of its levels.
You also visited: Ossuary.

You collected 173 gold pieces.

Inventory:

Hand Weapons
 a - a +0 hand axe
 h - a +1 mace of holy wrath
 u - a +1 dagger of venom (weapon)
 w - a +0 scythe
 E - a +3 hunting sling
 O - a +0 shortbow
 R - a +0 halberd
Missiles
 m - 176 stones (quivered)
 n - 39 arrows
 C - 16 poisoned darts
 M - 5 sling bullets
 Q - 5 javelins
Armour
 b - a +0 robe
 i - a +0 chain mail (worn)
 o - a +0 leather armour
 v - a +0 scale mail
 x - a +0 robe
 F - a +0 tower shield (worn)
Magical Staves
 D - a staff of poison
 P - a staff of fire
Jewellery
 e - a +6 ring of intelligence (left hand)
 p - an amulet of reflection (around neck)
 B - a +6 ring of strength (right hand)
Wands
 s - a wand of flame (25)
 H - a wand of polymorph (10)
Scrolls
 c - a scroll of torment {unknown}
 d - a scroll of teleportation {unknown}
 f - a scroll of enchant weapon {unknown}
 g - 3 scrolls of identify {unknown}
 k - 3 scrolls of fog
 q - a scroll of immolation
 r - a scroll of magic mapping
 t - a scroll of vulnerability {unknown}
 y - a scroll of fear {unknown}
 N - a scroll of summoning {unknown}
Potions
 j - 5 potions of might {unknown}
 l - 2 potions of attraction {unknown}
 z - 2 potions of degeneration {unknown}
 A - 3 potions of curing {unknown}
 G - a potion of flight {unknown}
 I - 2 potions of resistance {unknown}
 J - a potion of ambrosia {unknown}
 K - a potion of brilliance {unknown}
 L - a potion of berserk rage {unknown}


   Skills:
 + Level 5.4 Fighting
 + Level 0.2 Short Blades
 + Level 6.1 Axes
 + Level 1.0(3.9) Maces & Flails
 + Level 5.7(5.8) Slings
 + Level 0.1(3.2) Throwing
 + Level 4.5 Armour
 + Level 4.1 Dodging
 + Level 2.6 Stealth
 + Level 4.4 Shields
 + Level 0.1 Evocations


You had 7 spell levels left.
You didn't know any spells.
Your spell library contained the following spells:

 Spells                   Type           Power      Damage    Failure   Level
 Inner Flame              Hex/Fire       0%         N/A       100%        3
 Stone Arrow              Conj/Erth      0%         3d7       100%        3
 Animate Armour           Summ/Erth      0%         N/A       100%        4
 Cause Fear               Hex            0%         N/A       100%        4
 Discord                  Hex            0%         N/A       100%        8
 Lehudib's Crystal Spear  Conj/Erth      0%         10d2      100%        8


Dungeon Overview and Level Annotations

Branches:
Dungeon (7/15)             Temple (1/1) D:5         Ossuary (visited)

Altars:
Ashenzari
Cheibriados
Dithmenos
Elyvilon
Fedhas
Gozag
Hepliaklqana
Kikubaaqudgha
Makhleb
Nemelex Xobeh
Okawaru
Qazlal
Ru
Sif Muna
Trog
Vehumet
Wu Jian
Xom
Yredelemnul
Zin
The Shining One

Shops:
D:2 [   D:4 [


Innate Abilities, Weirdness & Mutations

Your life essence is reduced to manifest your ancestor. (-10% HP)
You have a pair of horns on your head.
You reflexively headbutt those who attack you in melee.


Message History

The two-headed ogre hits Numeria with a +0 giant club!!
Numeria is destroyed!
A centaur skeleton comes into view.
There is a stone staircase leading down here.
You climb downwards.
There is a stone staircase leading up here.
You start resting.
Numeria emerges from the mists of memory!
You start resting.
HP restored.
Your +1 dagger of venom begins to drip with poison!
u - a +1 dagger of venom (weapon)
You climb upwards.
You block the two-headed ogre's attack. x2
You block the gnoll's attack.
There is a stone staircase leading down here.
You hit the two-headed ogre.
Your headbutt misses the two-headed ogre.
The two-headed ogre is lightly wounded.
You block the gnoll's attack.
The two-headed ogre hits you with a +0 giant club!!
You block the two-headed ogre's attack.
Numeria hits the two-headed ogre with a +0 quarterstaff!
The gnoll hits you with a +0 club. The gnoll barely misses you.
You hit the two-headed ogre.
The two-headed ogre is poisoned.
The two-headed ogre is moderately wounded.
Numeria gestures at the two-headed ogre while chanting.
The stone arrow misses the two-headed ogre.
The two-headed ogre barely misses you.
The two-headed ogre hits you with a +0 giant club!!
You block the gnoll's attack.
The gnoll hits you from afar with a +0 spear.
Numeria hits the two-headed ogre with a +0 quarterstaff!!
You hit the two-headed ogre.
The two-headed ogre looks as sick as possible!
The two-headed ogre is almost dead.
The two-headed ogre hits you with a +0 giant club!!
* * * LOW HITPOINT WARNING * * *
You block the two-headed ogre's attack. You block the gnoll's attack.
The gnoll hits you from afar with a +0 spear.
You die...

###........#
#........#
#........#
#........#
#........#
###.######
######.## #
#......g# .#
#.....O@# ..+
#......R#####.Z.#
#.......g.gggZ.(#
#.......#####...#
#.......# #.#
######### #


You could see the friendly Numeria the battlemage, a two-headed ogre (extremely
poisoned, ally target) and 2 gnolls.

Vanquished Creatures
  Sigmund (D:2)
  A water moccasin (D:6)
  A black bear (D:5)
  An ogre (D:3)
  A centaur (D:5)
  A water moccasin skeleton (D:5)
  A howler monkey (D:4)
  2 hounds
  2 jellies (D:3)
  A gnoll shaman (D:6)
  A centaur skeleton (D:2)
  Terence (D:2)
  An iguana (D:5)
  A mummy (Ossuary)
  3 adders
  A worm (D:3)
  2 dart slugs (D:2)
  4 orcs (D:4)
  3 spectral bats (Ossuary)
  12 endoplasms
  3 giant cockroaches
  9 goblins
  7 hobgoblins
  4 jackals (D:4)
  3 quokkas
  11 ball pythons
  8 bats
  2 bat simulacra (Ossuary)
  3 frilled lizards
  12 gnoll zombies (Ossuary)
  8 goblin simulacra (Ossuary)
  6 goblin zombies (Ossuary)
  4 hobgoblin zombies (Ossuary)
  9 kobolds
  4 kobold simulacra (Ossuary)
  5 kobold zombies (Ossuary)
  3 orc zombies (Ossuary)
  4 rats
  3 rat simulacra (Ossuary)
  3 spectral goblins (Ossuary)
  3 spectral kobolds (Ossuary)
  6 spectral rats (Ossuary)
161 creatures vanquished.

Vanquished Creatures (collateral kills)
  Prince Ribbit (D:5)
  A jelly (D:5)
  An iguana (D:6)
  5 gnolls (D:6)
  An adder (D:5)
  An ufetubus (D:5)
  An orc (D:5)
11 creatures vanquished.

Vanquished Creatures (others)
  A battlemage (D:6)
  A fungus (D:3)
  7 plants (D:2)
  11 toadstools (D:3)
20 creatures vanquished.

Grand Total: 192 creatures vanquished

Notes
Turn   | Place    | Note
-------+----------+-------------------------------------------
     0 | D:1      | issech the Minotaur Monk began the quest for the Orb.
     0 | D:1      | Reached XP level 1. HP: 19/19 MP: 0/0
   207 | D:1      | Reached XP level 2. HP: 26/27 MP: 1/1
   359 | D:1      | Reached skill level 4 in Axes
   896 | D:2      | Noticed Terence
   910 | D:2      | Killed Terence
   911 | D:2      | Reached XP level 3. HP: 3/33 MP: 2/2
  1198 | D:2      | Reached skill level 1 in Armour
  1202 | D:2      | Reached XP level 4. HP: 25/40 MP: 3/3
  1332 | D:2      | Noticed Sigmund
  1500 | D:2      | Killed Sigmund
  1501 | D:2      | Reached skill level 5 in Axes
  1501 | D:2      | Reached XP level 5. HP: 32/47 MP: 4/4
  1982 | D:2      | Found a burning altar of Makhleb.
  2024 | D:2      | Found Roowobon's Antique Armour Boutique.
  2188 | D:3      | Noticed an ogre
  2839 | D:3      | Reached XP level 6. HP: 32/53 MP: 5/5
  3152 | D:3      | Found a faded altar of an unknown god.
  3218 | D:3      | Reached skill level 6 in Axes
  3218 | D:3      | Reached skill level 1 in Shields
  4092 | D:4      | Found a sand-covered staircase.
  4102 | D:4      | Reached skill level 1 in Slings
  4155 | Ossuary  | Entered an ossuary
  4991 | D:4      | Reached XP level 7. HP: 41/60 MP: 6/6
  5003 | D:4      | Found Fiestost's Armour Shoppe.
  6075 | D:5      | Entered Level 5 of the Dungeon
  6116 | D:5      | Reached skill level 5 in Fighting
  6121 | D:5      | Reached skill level 1 in Maces & Flails
  6557 | D:5      | Found a staircase to the Ecumenical Temple.
  6563 | Temple   | Entered the Ecumenical Temple
  6741 | Temple   | Became a worshipper of Hepliaklqana the Forgotten
  6741 | Temple   | Reached * piety under Hepliaklqana
  6741 | Temple   | Reached ** piety under Hepliaklqana
  6742 | Temple   | Remembered your ancestor Numeria as a battlemage
  7165 | D:5      | Noticed Prince Ribbit
  7170 | D:5      | Killed Prince Ribbit
  7171 | D:5      | Reached XP level 8. HP: 30/61 MP: 7/7
  7833 | D:6      | Reached skill level 5 in Slings
  8049 | D:6      | Noticed a two-headed ogre
  8289 | D:6      | HP: 2/62 [two-headed ogre/+0 giant club (19)]
  8289 | D:6      | Slain by a gnoll

Illustrated notes

Levels and vault maps discovered:
D:1:      dpeg_arrival_refuge, layout_loops_ring
D:2:      layout_basic, serial_shops, shop, basic_altar, serial_bayou_ford_a,
          uniq_terence, uniq_sigmund
D:3:      cheibrodos_fertilizer, layout_loops_corners, serial_glass,
          glass_columns_b, glass_columns_a, glass_columns_a, glass_columns_c,
          glass_columns_a, glass_columns_b,
          shapermc_ecumenical_altar_mp_ritualfount
D:4:      layout_basic, serial_shops, shop_statue,
          lightli_ossuary_entry_decrepit_ruins,
          nicolae_concentric_dashed_squares_mild
D:5:      layout_layer_cave, minmay_temple_entry_fiery, uniq_prince_ribbit1
D:6:      lemuel_castle_with_subvaults [lemuel_castle_interior_original],
          layout_basic
D:7:      layout_gridville, minmay_fractal_squares_diagonal_5, uniq_pikel
Temple:   mainiacjoe_temple_starburst

Skill      XL: |  1  2  3  4  5  6  7  8 |
---------------+-------------------------+-----
Axes           | 4 5 6 |  6.1
Fighting       | 4 5 |  5.4
Armour         | 1 3 4 |  4.5
Stealth        | 2 |  2.6
Dodging        | 4 |  4.1
Shields        | 1 4 |  4.4
Slings         | 2 4 5 |  5.7
Maces & Flails | 1 |  1.0
Short Blades   | |  0.2
Throwing       | |  0.1
Evocations     | |  0.1

Action                   |  1- 3 |  4- 6 |  7- 9 || total
-------------------------+-------+-------+-------++-------
Melee: Hand axe          |    67 |    86 |     5 ||   158
       Headbutt          |    12 |    18 |     4 ||    34
       Mace              |       |       |    16 ||    16
       Dagger            |       |       |     6 ||     6
 Fire: Hunting sling     |       |   218 |   106 ||   324
Throw: Stone             |       |     3 |       ||     3
Invok: Ancestor Life: Ba |       |       |     1 ||     1
Evoke: Wand              |       |     3 |       ||     3
  Use: Scroll            |       |     3 |       ||     3
 Stab: Sleeping          |     2 |       |       ||     2
Armor: Robe              |     3 |       |       ||     3
       Chain mail        |    53 |    98 |    45 ||   196
Dodge: Dodged            |    34 |    49 |    22 ||   105
Block: Other             |     1 |    27 |       ||    28
       Reflection        |       |     1 |     2 ||     3
       Tower shield      |       |   129 |   130 ||   259
